 Dungeon Crawl Stone Soup version 0.29-a0-557-g43b9904bd1 (webtiles) character file.

Game seed: 12313198630527265316

7 DocClef the Covert (level 2, -3/29 HPs)
             Began as a Gnoll Delver on June 8, 2022.
             Slain by a hound (5 damage)
             ... on level 4 of the Dungeon.
             The game lasted 00:00:22 (188 turns).

DocClef the Covert (Gnoll Delver)                    Turns: 188, Time: 00:00:23

Health: -3/29      AC:  4    Str: 11    XL:     2   Next: 0%
Magic:  2/2        EV: 13    Int:  9    God:
Gold:   14         SH:  0    Dex: 13    Spells: 1/1 levels left

rFire   . . .      SeeInvis .   a - +0 short sword
rCold   . . .      Faith    .   (no shield)
rNeg    . . .      Spirit   .   b - +0 leather armour
rPois   .          Reflect  .   (no helmet)
rElec   .          Harm     .   j - +0 cloak
rCorr   .          Rampage  .   (no gloves)
Will    .....                   (no boots)
Stlth   ++++......              (no amulet)
HPRegen 0.09/turn               (no ring)
MPRegen 0.08/turn               (no ring)

@: no status effects
A: fangs 1, strong nose, distributed training
a: no special abilities


You were on level 4 of the Dungeon.
You visited 1 branch of the dungeon, and saw 2 of its levels.

You collected 14 gold pieces.

Inventory:

Hand Weapons
 a - a +0 short sword (weapon)
Armour
 b - a +0 leather armour (worn)
 j - a +0 cloak (worn)
Wands
 g - a wand of digging (3)
Scrolls
 c - a scroll of fog
 d - a scroll of magic mapping
 e - a scroll of fear
 i - a scroll of teleportation {unknown}
Potions
 f - a potion of haste
 h - 3 potions of brilliance {unknown}


   Skills:
 + Level 6.4 Fighting
 + Level 4.4 Short Blades
 + Level 0.2 Long Blades
 + Level 0.2 Axes
 + Level 0.2 Maces & Flails
 + Level 0.2 Polearms
 + Level 0.2 Staves
 + Level 0.2 Slings
 + Level 0.2 Bows
 + Level 0.2 Crossbows
 + Level 0.2 Throwing
 + Level 0.2 Armour
 + Level 4.4 Dodging
 + Level 9.5 Stealth
 + Level 0.2 Shields
 + Level 0.2 Unarmed Combat
 + Level 0.2 Spellcasting
 + Level 0.1 Conjurations
 + Level 0.1 Hexes
 + Level 0.1 Summonings
 + Level 0.1 Necromancy
 + Level 0.1 Translocations
 + Level 0.1 Transmutations
 + Level 0.1 Fire Magic
 + Level 0.1 Ice Magic
 + Level 0.1 Air Magic
 + Level 0.1 Earth Magic
 + Level 0.1 Poison Magic
 + Level 0.3 Invocations
 + Level 0.2 Evocations


You had one spell level left.
You didn't know any spells.
Your spell library was empty.

Dungeon Overview and Level Annotations

Branches:
Dungeon (5/15)
 Temple: D:4-7

Altars:
Vehumet


Innate Abilities, Weirdness & Mutations

You have very sharp teeth.
Your uncanny sense of smell can sniff out nearby items.
Your experience applies equally to all skills.


Message History

The ball python attacks as you move away!
The ball python barely misses you. The hound barely misses you.
Something hits you but does no damage. The orc attacks as you move away!
The orc barely misses you.
The ball python attacks as you move away!
The ball python bites you but does no damage.
The ball python closely misses you. The hound completely misses you.
The hound bites you. The hound attacks as you move away! The hound misses you.
The ball python attacks as you move away!
The ball python bites you but does no damage.
The ball python barely misses you.
The ball python bites you but does no damage.
The ball python barely misses you.
You hit the adder but do no damage. The hound bites you.
* * * LOW HITPOINT WARNING * * *
The adder closely misses you. The hound attacks as you move away!
The hound bites you but does no damage.
You feel less confused. The hound closely misses you.
The ball python completely misses you. The ball python misses you.
The ball python attacks as you move away!
The ball python barely misses you. The ball python closely misses you.
The hound attacks as you move away! The hound bites you.
* * * LOW HITPOINT WARNING * * *
The adder attacks as you move away! The adder bites you but does no damage.
The hound bites you.
* * * LOW HITPOINT WARNING * * *
The ball python attacks as you move away!
The ball python misses you. The ball python closely misses you.
The adder barely misses you.
The ball python attacks as you move away!
The ball python misses you. The hound barely misses you.
The ball python attacks as you move away!
The ball python bites you but does no damage.
The adder attacks as you move away! The adder completely misses you.
The hound attacks as you move away! The hound closely misses you.
The hound barely misses you. The hound bites you.
You die...

# ##......## ....
.# #........##
..... ..#
#.........# .[..
...###.........##
#.[.
....#...........#
..#
#..............##.#
##..)..........#..#
###...............#
......)(.......#@##
............o.Sh.#
####...........S##
#.......o....#
#...!).####.##
#....### #..#
###### ##.# .. .#.


You could see a hound, an adder, 2 orcs and a ball python.

Vanquished Creatures
  2 orcs (D:4)
  An endoplasm (D:4)
  A kobold (D:4)
4 creatures vanquished.

Notes
Turn   | Place    | Note
-------+----------+-------------------------------------------
     0 | D:5      | Reached skill level 9 in Stealth
     0 | D:5      | DocClef the Gnoll Delver began the quest for the Orb.
     0 | D:5      | Reached XP level 1. HP: 23/23 MP: 1/1
    97 | D:5      | Noticed an orc priest
   164 | D:4      | Noticed an orc wizard
   166 | D:4      | Noticed a hound
   173 | D:4      | Reached XP level 2. HP: 18/29 MP: 2/2
   183 | D:4      | HP: 1/29 [hound (2)]
   188 | D:4      | Slain by a hound

Illustrated notes

Levels and vault maps discovered:
D:4:      layout_cave_pods, minmay_temple_entry_glassed_door
D:5:      layout_gridville, mainiacjoe_overflow_brackets, serial_shops,
          nicolae_inconvenience_store

Skill      XL: | |
---------------+-+-----
Stealth        | |  9.5
Fighting       | |  6.4
Short Blades   | |  4.4
Long Blades    | |  0.2
Axes           | |  0.2
Maces & Flails | |  0.2
Polearms       | |  0.2
Staves         | |  0.2
Slings         | |  0.2
Bows           | |  0.2
Crossbows      | |  0.2
Throwing       | |  0.2
Armour         | |  0.2
Dodging        | |  4.4
Shields        | |  0.2
Unarmed Combat | |  0.2
Spellcasting   | |  0.2
Conjurations   | |  0.1
Hexes          | |  0.1
Summonings     | |  0.1
Necromancy     | |  0.1
Translocations | |  0.1
Transmutations | |  0.1
Fire Magic     | |  0.1
Ice Magic      | |  0.1
Air Magic      | |  0.1
Earth Magic    | |  0.1
Poison Magic   | |  0.1
Invocations    | |  0.3
Evocations     | |  0.2

Action                   || total
-------------------------++-------
Melee: Short sword       ||    12
 Stab: Sleeping          ||     1
Armor: Leather armour    ||    10
Dodge: Dodged            ||    30

Table legend: (Time is in decaauts)
 A = Elapsed time spent in this place.
 B = Non-inter-level travel time spent in this place.
 C = Inter-level travel time spent in this place.
 D = Time resting spent in this place.
 E = Time spent auto-exploring this place.
 F = Levels seen in this place.
 G = Mean time per level.
                   A        B        C        D        E       F      G
               +--------+--------+--------+--------+--------+-----+--------+
         Total |    186 |    186 |      0 |      0 |    100 |   2 |   93.0 |
       Dungeon |    186 |    186 |      0 |      0 |    100 |   2 |   93.0 |
               +--------+--------+--------+--------+--------+-----+--------+

Top non-repeatable levels by time:
     D:5: 122 daAuts
     D:4: 64 daAuts
